 Dungeon Crawl Stone Soup version 0.31-a0-268-g4392ee761c (webtiles) character file.

Game seed: 4213736856682108759

196 qw the Shooter (level 5, -13/45 HPs)
             Began as a Minotaur Hexslinger on July 14, 2023.
             Killed by divine providence
             ... invoked by an orc priest
              (17 damage)
             ... on level 4 of the Dungeon.
             The game lasted 00:01:14 (2902 turns).

qw the Shooter (Minotaur Hexslinger)                Turns: 2902, Time: 00:01:15

Health: -13/45     AC:  3    Str: 13    XL:     5   Next: 46%
Magic:  5/5        EV: 12    Int: 10    God:
Gold:   143        SH:  4    Dex: 14    Spells: 5/6 levels left

rFire   . . .        Y - +1 sling
rCold   . . .        (no shield)
rNeg    . . .        c - +0 robe
rPois   .            (helmet restricted)
rElec   .            (no cloak)
rCorr   .            (no gloves)
SInv    .            (no boots)
Will    .....        e - amulet of the acrobat
Stlth   +            (no ring)
HPRegen 0.27/turn    (no ring)
MPRegen 0.09/turn

%: acrobat
@: no status effects
A: horns 2, retaliatory headbutt, large bone plates 1, shaggy fur 1
a: no special abilities


You were on level 4 of the Dungeon.
You visited 1 branch of the dungeon, and saw 4 of its levels.

You collected 143 gold pieces.


Innate Abilities, Weirdness & Mutations

You have a pair of horns on your head.
You reflexively headbutt those who attack you in melee.
You are partially covered in large bone plates. (SH +4)
You are covered in fur. (AC +1)


   Skills:
 - Level 3.1 Fighting
 + Level 5.7 Ranged Weapons
 - Level 2.1 Dodging
 - Level 1.0 Spellcasting
 - Level 2.0 Hexes


You had 5 spell levels left.
You knew the following spells:

 Your Spells              Type           Power      Damage    Failure   Level
a - Slow                  Hex            16%        N/A       16%         1

Your spell library contained the following spells:

 Spells                   Type           Power      Damage    Failure   Level
 Inner Flame              Hex/Fire       2%         N/A       56%         3
 Portal Projectile        Hex/Tloc       4%         N/A       56%         3
 Cause Fear               Hex            2%         N/A       83%         4

Inventory:

Hand Weapons
 Y - a +1 sling (weapon)
Armour
 c - a +0 robe (worn)
 f - a +0 ring mail
 j - a +2 ring mail of positive energy
Jewellery
 e - an amulet of the acrobat (around neck)
Scrolls
 g - a scroll of identify
Potions
 a - a potion of curing
 b - a potion of degeneration {unknown}
 d - a potion of heal wounds {unknown}
 h - a potion of invisibility {unknown}
 i - a potion of brilliance {unknown}

Dungeon Overview and Level Annotations

Branches:
Dungeon (4/15)
 Temple: D:4-7

Altars:

Annotations:
D:3 exclusion: 13 gnolls


Message History

The jackal barely misses you. You block the jackal's attack.
You shoot a sling bullet.
The sling bullet barely misses the jackal.
The jackal bites you.
You shoot a sling bullet. The sling bullet hits the jackal.
You kill the jackal!
You block the hobgoblin's attack.
The orc priest looks encouraged for a moment.
You shoot a sling bullet. The sling bullet hits the hobgoblin.
The hobgoblin is moderately wounded.
The hobgoblin hits you.
You shoot a sling bullet. The sling bullet hits the hobgoblin.
The hobgoblin is severely wounded.
The hobgoblin closely misses you.
You shoot a sling bullet. The sling bullet hits the hobgoblin.
The hobgoblin is almost dead.
The hobgoblin misses you.
The orc priest casts a cantrip, but nothing happens.
You shoot a sling bullet. The sling bullet hits the hobgoblin.
You kill the hobgoblin!
The orc priest invokes the aid of Beogh against you.
Beogh smites you!
You shoot a sling bullet.
The sling bullet barely misses the orc priest.
The orc priest mumbles some strange prayers to Beogh against you.
Beogh smites you!
You shoot a sling bullet. The sling bullet hits the orc priest.
The orc priest is moderately wounded.
A jackal comes into view.
The orc priest looks satisfied for a moment.
You shoot a sling bullet.
The sling bullet completely misses the orc priest.
The orc priest mumbles some strange prayers to Beogh against you.
Beogh smites you!
You shoot a sling bullet.
The sling bullet closely misses the orc priest.
You block the jackal's attack.
The orc priest calls down the wrath of Beogh upon you.
Beogh smites you!
You die...

#?. .. #. .. #.#####
..## #.....# ..####
#.....# #.... #.....##
#######.h###.#......####
.....)o@....##.........+
.######..###.#........##
#/....##.####)#.##
#..###.#.####'#.##
#.....##.#.......#
#..###.#.+......)#
##....##.#......)#
####.)..#......).
#....#......#)


You could see an orc priest and a jackal.

Vanquished Creatures
  7 gnolls
  2 adders
  2 worms (D:2)
  A dart slug (D:3)
  10 orcs (D:4)
  10 ball pythons
  4 endoplasms
  2 giant cockroaches
  11 hobgoblins
  9 jackals
  4 quokkas (D:1)
  7 bats
  A frilled lizard (D:1)
  8 goblins
  6 kobolds
  4 rats
88 creatures vanquished.

Notes
Turn   | Place    | Note
-------+----------+-------------------------------------------
     0 | D:1      | qw the Minotaur Hexslinger began the quest for the Orb.
     0 | D:1      | Reached XP level 1. HP: 16/16 MP: 1/1
     0 | D:1      | 0 ||| qw: Version: 0.3-a-52-g30416fa
     0 | D:1      | 0 ||| qw: Game counter: 7933
     0 | D:1      | 0 ||| qw: Melee chars always use a shield: true
     0 | D:1      | 0 ||| qw: God list: Okawaru
     0 | D:1      | 0 ||| qw: Allow faded altars: false
     0 | D:1      | 0 ||| qw: Do Orc after clearing Dungeon:15 true
     0 | D:1      | 0 ||| qw: Do second Lair branch before Depths: true
     0 | D:1      | 0 ||| qw: Lair rune preference: random
     0 | D:1      | 0 ||| qw: Goals: Normal
     0 | D:1      | 0 ||| PLANNING D:1-11
   218 | D:1      | Reached skill level 3 in Ranged Weapons
   218 | D:1      | Reached XP level 2. HP: 23/23 MP: 2/2
   496 | D:1      | Reached XP level 3. HP: 29/29 MP: 3/3
   697 | D:1      | 697 ||| DROPPING scarf of invisibility.
   698 | D:1      | 698 ||| UPGRADING to amulet of the acrobat.
   703 | D:1      | 703 ||| READING scroll labelled POBYKH BONOCE.
   704 | D:1      | 704 ||| READING scroll labelled SOABRI VAEVU.
   709 | D:1      | 709 ||| READING scroll labelled BUDIJE OZECASK.
   710 | D:1      | 710 ||| DROPPING scroll of poison.
  1061 | D:2      | Found a faded altar of an unknown god.
  1182 | D:2      | Reached skill level 4 in Ranged Weapons
  1448 | D:2      | 1448 ||| READING 2 scrolls labelled BOZUHO CEOG.
  1449 | D:2      | 1449 ||| READING scroll labelled POERPH BI ORY.
  1450 | D:2      | 1450 ||| READING scroll labelled NAPSIBUNOGU.
  1502 | D:2      | 1502 ||| READING scroll labelled KOSAONW GIATOO.
  1503 | D:2      | 1503 ||| READING scroll labelled DUKHAT QAS BON.
  1504 | D:2      | 1504 ||| DRINKING 2 bubbling golden potions.
  1505 | D:2      | 1505 ||| DRINKING 2 viscous sapphire potions.
  1505 | D:2      | Gained mutation: You are frail. (-10% HP) [potion of
                  | mutation]
  1505 | D:2      | Gained mutation: You have a pair of large horns on your
                  | head. [potion of mutation]
  1506 | D:2      | 1506 ||| DRINKING potion of mutation.
  1506 | D:2      | Lost mutation: You are frail. (-10% HP) [potion of
                  | mutation]
  1506 | D:2      | Lost mutation: You have a pair of large horns on your head.
                  | [potion of mutation]
  1506 | D:2      | Gained mutation: You are partially covered in large bone
                  | plates. (SH +4) [potion of mutation]
  1506 | D:2      | Gained mutation: You are covered in fur. (AC +1) [potion of
                  | mutation]
  1515 | D:2      | 1515 ||| DROPPING scroll of immolation.
  1731 | D:3      | Reached XP level 4. HP: 33/36 MP: 4/4
  1839 | D:3      | 1839 ||| READING scroll labelled ENIWIP ZUCU.
  1856 | D:3      | 1856 ||| FLEEEEING.
  1857 | D:3      | 1857 ||| FLEEEEING.
  1858 | D:3      | 1858 ||| FLEEEEING.
  2062 | D:3      | Reached skill level 5 in Ranged Weapons
  2487 | D:3      | 2487 ||| DRINKING 2 fuming coppery potions.
  2488 | D:3      | 2488 ||| DRINKING potion of curing.
  2488 | D:3      | 2488 ||| (to cure confusion)
  2489 | D:3      | 2489 ||| DROPPING potion of ambrosia.
  2596 | D:4      | Reached skill level 3 in Fighting
  2596 | D:4      | Reached XP level 5. HP: 35/45 MP: 5/5
  2606 | D:4      | 2606 ||| FLEEEEING.
  2901 | D:4      | HP: 3/45 [orc priest/divine providence (11)]
  2902 | D:4      | Killed from afar by an orc priest

Levels and vault maps discovered:
D:1:      evilmike_arrival_rings, layout_basic
D:2:      layout_basic, shapermc_ecumenical_altar_mp_urbaneastern
D:3:      cheibrodos_greedy_goblins, layout_loops_ring, minmay_misc_feat_hallway
D:4:      layout_basic, mainiacjoe_overflow_alcove_4, minmay_manual_maat

Skill      XL: |  1  2  3  4 |
---------------+-------------+-----
Ranged Weapons | 3 4 5 |  5.7
Fighting       | 2 3 |  3.1
Dodging        | |  2.1
Spellcasting   | |  1.0
Hexes          | |  2.0

Action                     |  1- 3 |  4- 6 || total
---------------------------+-------+-------++-------
   Fire: Sling             |   142 |   134 ||   276
    Use: Scroll            |     8 |     1 ||     9
         Potion            |     3 |     2 ||     5
 Armour: Robe              |    13 |     8 ||    21
  Dodge: Dodged            |    44 |    29 ||    73
  Block: Other             |     9 |    16 ||    25

Table legend:
 A = Non-vault XP
 B = Vault XP
 C = Vault XP percentage of total XP
 D = Non-vault monster count
 E = Vault monster count
 F = Vault count percentage of total count
                 A         B        C        D         E       F
            +---------+---------+-------+---------+---------+-------
      Total |     247 |      34 |  12.1 |      76 |      12 |  13.6
            +---------+---------+-------+---------+---------+-------
        D:1 |      46 |       0 |   0.0 |      29 |       0 |   0.0
        D:2 |      19 |       0 |   0.0 |       9 |       0 |   0.0
        D:3 |      84 |      19 |  18.4 |      19 |      10 |  34.5
        D:4 |      98 |      15 |  13.3 |      19 |       2 |   9.5
            +---------+---------+-------+---------+---------+-------
